 Dungeon Crawl Stone Soup version 0.27-a0-380-g150de4c316 (webtiles) character file.

Game seed: 2915894515643983595

340 spindar the Chopper (level 6, 0/46 HPs)
             Began as a Demonspawn Gladiator on Feb 18, 2021.
             Slain by an orc
             ... wielding a +0 war axe
              (3 damage)
             ... on level 5 of the Dungeon.
             The game lasted 00:08:06 (5484 turns).

spindar the Chopper (Demonspawn Gladiator)          Turns: 5484, Time: 00:08:07

Health: 0/46       AC:  3    Str: 16 (17) XL:     6   Next: 30%
Magic:  6/6        EV: 12    Int:  9      God:
Gold:   225        SH:  0    Dex: 13 (14) Spells: 5/5 levels left

rFire    . . .     SeeInvis .   q - +0 battleaxe
rCold    . . .     Faith    .   (shield currently unavailable)
rNeg     . . .     Spirit   .   b - +0 leather armour
rPois    .         Reflect  .   (helmet restricted)
rElec    .         Harm     .   (no cloak)
rCorr    .         Rampage  .   (no gloves)
Will     .....                  (no boots)
Stlth    +.........             (no amulet)
HPRegen  0.15/turn              (no ring)
MPRegen  0.10/turn              (no ring)

@: no status effects
A: antennae 1, foul stench 1
a: no special abilities


You were on level 5 of the Dungeon.
You visited 1 branch of the dungeon, and saw 5 of its levels.

You collected 225 gold pieces.

Inventory:

Hand Weapons
 a - a +0 war axe
 q - a +0 battleaxe (weapon)
Missiles
 d - 3 throwing nets (quivered)
Armour
 b - a +0 leather armour (worn)
 c - a +0 helmet
Jewellery
 l - a +4 ring of protection {unknown}
Scrolls
 g - 2 scrolls of identify {unknown}
 i - a scroll of fear {unknown}
 j - 2 scrolls of teleportation {unknown}
 m - a scroll of random uselessness {unknown}
 o - a scroll of magic mapping {unknown}
 s - a scroll of immolation {unknown}
Potions
 e - 2 potions of brilliance
 f - a potion of ambrosia {unknown}
 h - 2 potions of haste {unknown}
 k - 3 potions of attraction {unknown}
 n - 2 potions of curing
 p - a potion of might {unknown}
 r - a potion of mutation {unknown}
 t - a potion of flight {unknown}
 u - a potion of magic {unknown}


   Skills:
 - Level 2.8 Fighting
 + Level 5.5 Axes
 - Level 1.7 Throwing
 - Level 2.4 Armour
 - Level 2.6 Dodging
 - Level 0.1 Stealth


You had 5 spell levels left.
You didn't know any spells.
Your spell library was empty.

Dungeon Overview and Level Annotations

Branches:
Dungeon (5/15)
 Temple: D:4-7

Altars:
Dithmenos
Hepliaklqana
Makhleb
Nemelex Xobeh
Uskayaw
Vehumet
Wu Jian
Xom
Yredelemnul
The Shining One


Innate Abilities, Weirdness & Mutations

You have a pair of small antennae on your head.
You may rarely emit foul miasma when damaged in melee.


Message History

You miss the orc wizard. You closely miss something.
The orc wizard hits you but does no damage.
Something hits you but does no damage.
You closely miss the orc wizard. You slash something!
The orc wizard hits you with a +0 dagger.
Something hits you.
* * * LOW HITPOINT WARNING * * *
The orc wizard hits you but does no damage.
You closely miss the orc wizard. You hit something.
You hear some strange, mumbled words.
Something tries to affect you, but you resist.
The orc wizard hits you but does no damage.
Something hits you.
* * * LOW HITPOINT WARNING * * *
You slash the orc wizard!
The orc wizard is almost dead.
You closely miss something.
The orc wizard hits you but does no damage.
Something hits you.
* * * LOW HITPOINT WARNING * * *
You hit the orc wizard but do no damage.
The orc wizard is almost dead.
You slash something!
Reactivating autopickup.
You feel a bit more experienced. The orc wizard casts a spell at you.
You resist with some effort.
The orc wizard gestures at you while chanting.
The magic dart hits you.
* * * LOW HITPOINT WARNING * * *
The orc barely misses you.
You feel your dexterity returning.
You barely miss the orc wizard.
The orc wizard is almost dead.
You hit the orc.
The orc wizard casts a spell at itself.
The orc wizard flickers and vanishes!
Deactivating autopickup; reactivate with Ctrl-A.
The orc hits you with a +0 war axe.
You die...

.####.#.#.§##..#((#
.##...#........#((####
.##.######.##..####..
.##.# #.###..##.## #
.##.## #..#...##.#.
.#.#.## # #...........
..###.####.####.#...##..#
#..#...........†##.##
..#............{@o.#
###.#.##############
.............
#############


You could see an orc.

Vanquished Creatures
  A bullfrog skeleton (D:5)
  An orc priest (D:5)
  Natasha (thrice) (D:2)
  2 orc wizards (D:5)
  A worker ant (D:4)
  6 adders
  An ooze (D:1)
  An ufetubus (D:5)
  An adder skeleton (D:5)
  3 dart slugs
  A leopard gecko (D:1)
  5 orcs
  4 bats
  4 giant cockroaches (D:2)
  6 goblins
  A hobgoblin (D:2)
  5 jackals
  9 kobolds
  2 quokkas
  2 ball pythons
  A frilled lizard (D:1)
  10 rats
70 creatures vanquished.

Notes
Turn   | Place    | Note
-------+----------+-------------------------------------------
     0 | D:1      | spindar the Demonspawn Gladiator began the quest for the
                  | Orb.
     0 | D:1      | Reached XP level 1. HP: 16/16 MP: 1/1
   147 | D:1      | Reached skill level 3 in Axes
   157 | D:1      | Gained mutation: You have a pair of small antennae on your
                  | head. [demonic ancestry]
   157 | D:1      | Reached XP level 2. HP: 22/22 MP: 2/2
   746 | D:2      | Reached XP level 3. HP: 28/28 MP: 3/3
  1296 | D:2      | Reached skill level 1 in Armour
  1796 | D:2      | Reached XP level 4. HP: 32/34 MP: 4/4
  1851 | D:2      | Found a radiant altar of Vehumet.
  1853 | D:2      | Found an ornate altar of the Wu Jian Council.
  1939 | D:2      | Found a basalt altar of Yredelemnul.
  1953 | D:2      | Reached skill level 4 in Axes
  2241 | D:2      | Found a burning altar of Makhleb.
  2332 | D:2      | Noticed Natasha
  2340 | D:2      | Killed Natasha
  2391 | D:2      | Noticed Natasha
  2401 | D:2      | Killed Natasha
  2402 | D:2      | Reached XP level 5. HP: 9/40 MP: 5/5
  2813 | D:2      | Found a shimmering altar of Xom.
  2814 | D:2      | Found a hazy altar of Hepliaklqana.
  2815 | D:2      | Noticed a spectral ugly thing
  2914 | D:2      | Noticed Natasha
  2925 | D:2      | Killed Natasha
  3385 | D:3      | Found a glowing golden altar of the Shining One.
  4097 | D:4      | Found a sparkling altar of Nemelex Xobeh.
  4637 | D:4      | Found a hide-covered altar of Uskayaw.
  5032 | D:5      | Entered Level 5 of the Dungeon
  5171 | D:5      | Reached skill level 5 in Axes
  5174 | D:5      | Gained mutation: You may rarely emit foul miasma when
                  | damaged in melee. [demonic ancestry]
  5174 | D:5      | Reached XP level 6. HP: 46/46 MP: 6/6
  5203 | D:5      | Found a shadowy altar of Dithmenos.
  5483 | D:5      | HP: 2/46 [orc wizard/magic dart (6)]
  5484 | D:5      | Slain by an orc

Illustrated notes

Levels and vault maps discovered:
D:1:      lightli_arrival_isolated_outpost, layout_basic
D:2:      layout_loops_cross, general_overflow_altar,
          regret_index_temple_of_mockery, nicolae_overflow_hidden_temple,
          uniq_natasha
D:3:      layout_loops_ring, nicolae_tso_carved_into_rock
D:4:      layout_basic, old_standard_altar, eat_drink_and_be_merry_uskayaw,
          kennysheep_generic_room_13
D:5:      layout_loops_ring, grunt_dithmenos_smoke_and_mirrors,
          minmay_temple_entry_water_ring, supply_closet_lemuel,
          minmay_chambers_of_fives

Skill      XL: |  1  2  3  4  5 |
---------------+----------------+-----
Axes           | 3 4 5 |  5.5
Armour         | 1 2 |  2.4
Fighting       | |  2.8
Throwing       | |  1.7
Dodging        | |  2.6
Stealth        | |  0.1

Action                   |  1- 3 |  4- 6 || total
-------------------------+-------+-------++-------
Melee: War axe           |   111 |   103 ||   214
       Battleaxe         |       |    43 ||    43
  Use: Potion            |     3 |     1 ||     4
Armor: Leather armour    |    47 |    38 ||    85
Dodge: Dodged            |    92 |   101 ||   193

Table legend: (Time is in decaauts)
 A = Elapsed time spent in this place.
 B = Non-inter-level travel time spent in this place.
 C = Inter-level travel time spent in this place.
 D = Time resting spent in this place.
 E = Time spent auto-exploring this place.
 F = Levels seen in this place.
 G = Mean time per level.
                   A        B        C        D        E       F      G
               +--------+--------+--------+--------+--------+-----+--------+
         Total |   5583 |   5389 |    194 |   2178 |   2631 |   5 | 1116.6 |
       Dungeon |   5583 |   5389 |    194 |   2178 |   2631 |   5 | 1116.6 |
               +--------+--------+--------+--------+--------+-----+--------+

Top non-repeatable levels by time:
     D:2: 2733 daAuts
     D:4: 1012 daAuts
     D:3: 725 daAuts
     D:1: 651 daAuts
     D:5: 461 daAuts
